 Dungeon Crawl Stone Soup version 0.31-a0-848-gaac375c287 (webtiles) character file.

Game seed: 17830220492816257715

1518 porpoise the Carver (level 8, -2/62 HPs)
             Began as a Demonspawn Gladiator on Oct 5, 2023.
             Was an Initiate of Nemelex Xobeh.
             Slain by an ogre
             ... wielding a +0 giant spiked club
              (32 damage)
             ... on level 6 of the Dungeon.
             The game lasted 00:19:11 (5092 turns).

porpoise the Carver (Demonspawn Gladiator)          Turns: 5092, Time: 00:19:12

Health: -2/62      AC: 11    Str: 14    XL:     8   Next: 54%
Magic:  10/10      EV: 12    Int: 10    God:    Nemelex Xobeh [......]
Gold:   299        SH:  4    Dex: 17    Spells: 5/7 levels left

rFire   . . .        a - +2 long sword (heavy)
rCold   . . .        (no shield)
rNeg    . . .        D - +2 leather armour {rPois}
rPois   +            B - +2 hat
rElec   .            l - +0 cloak
rCorr   .            (no gloves)
SInv    .            (no boots)
Will    .....        (no amulet)
Stlth   +            (no ring)
HPRegen 0.30/turn    (no ring)
MPRegen 0.12/turn

%: no passive effects
@: lethally poisoned (-2 -> -6)
A: icy blue scales 2, condensation shield, weakness stinger 2
a: Renounce Religion, Draw Escape, Draw Destruction, Draw Summoning


You were on level 6 of the Dungeon.
You worshipped Nemelex Xobeh.
Nemelex Xobeh was noncommittal.
You visited 2 branches of the dungeon, and saw 7 of its levels.
You also visited: Sewer.

You collected 299 gold pieces.

Inventory:

Hand Weapons
 a - a +2 heavy long sword (weapon)
 b - a +3 dagger of venom
Missiles
 d - 2 throwing nets (quivered)
 e - a javelin
 x - 6 poisoned darts
 F - 3 boomerangs
Armour
 l - a +0 cloak (worn)
 w - a scarf of repulsion
 B - a +2 hat (worn)
 D - a +2 leather armour of poison resistance (worn)
Jewellery
 c - a ring of see invisible
 t - a +6 ring of intelligence
 v - an amulet of guardian spirit
 C - an amulet of reflection
Scrolls
 g - a scroll of teleportation
 i - a scroll of enchant armour {unknown}
 q - a scroll of revelation {unknown}
 s - a scroll of blinking {unknown}
 u - a scroll of immolation {unknown}
 y - a scroll of vulnerability
 z - a scroll of amnesia {unknown}
 A - a scroll of fear {unknown}
 E - a scroll of fog
Potions
 f - 4 potions of magic
 h - a potion of cancellation {unknown}
 j - 3 potions of brilliance
 k - a potion of enlightenment {unknown}
 m - 3 potions of might
 n - 2 potions of haste
 o - 2 potions of heal wounds
 p - a potion of resistance {unknown}
 r - a potion of degeneration {unknown}


   Skills:
 - Level 5.0 Fighting
 * Level 8.2 Long Blades
 - Level 1.7 Throwing
 + Level 3.0 Armour
 - Level 2.6 Dodging
 + Level 3.6 Invocations


You had 5 spell levels left.
You knew the following spells:

 Your Spells              Type           Power      Damage    Failure   Level
a - Wereblood             Tmut           0%         N/A       56%         2

Your spell library contained the following spells:

 Spells                   Type           Power      Damage    Failure   Level
 Slow                     Hex            0%         N/A       43%         1
 Cigotuvi's Dreadful Rot  Necr/Pois/Air  0%         N/A       56%         2
 Sublimation of Blood     Necr           0%         N/A       56%         2
 Confusing Touch          Hex            0%         N/A       80%         3
 Sigil of Binding         Hex            0%         N/A       80%         3
 Vampiric Draining        Necr           0%         2d6       80%         3
 Dispel Undead            Necr           0%         3d6       99%         4
 Death Channel            Necr           0%         N/A       100%        6
 Summon Hydra             Summ           0%         N/A       100%        7


Dungeon Overview and Level Annotations

Branches:
Dungeon (6/15)             Temple (1/1) D:5           Sewer (visited)

Altars:
Ashenzari
Cheibriados
Dithmenos
Fedhas
Gozag
Kikubaaqudgha
Makhleb
Nemelex Xobeh
Okawaru
Qazlal
Ru
Sif Muna
Uskayaw
Vehumet
Wu Jian
Xom
Yredelemnul

Shops:
D:3 *   D:6 (


Innate Abilities, Weirdness & Mutations

You are mostly covered in icy blue scales. (AC +3)
A meltable shield of frost defends you. (SH +4)
You have a tail ending in a sharp stinger.


Message History

Deactivating autopickup; reactivate with Ctrl-A.
The sleepcap misses you.
You slash the sleepcap!
You destroy the sleepcap!
You feel sick. The scorpion stings you.
An ogre comes into view. It is wielding a +0 giant spiked club.
The scorpion barely misses you. Something hits you but does no damage.
You feel sick. Something hits you but does no damage.
You feel sick.
The ogre shouts!
The scorpion attacks as it pursues you! The scorpion closely misses you.
You feel sick.
You are no longer poisoned.
The scorpion attacks as it pursues you!
The scorpion stings you but does no damage. x2
The scorpion attacks as it pursues you! The scorpion barely misses you.
The scorpion attacks as it pursues you!
The scorpion stings you but does no damage.
You closely miss the gnoll. You tail-slap the gnoll.
The gnoll is lightly wounded.
The scorpion stings you but does no damage.
The gnoll hits you with a +0 club. You block the scorpion's attack.
You barely miss the gnoll.
The gnoll is lightly wounded.
The scorpion stings you.
You are poisoned.
The scorpion poisons you! The gnoll hits you with a +0 club.
You block the scorpion's attack. The gnoll barely misses you. x2
You slash the gnoll!
The gnoll is severely wounded.
You feel very sick. The scorpion barely misses you.
You block the gnoll's attack. x2
You slash the gnoll!
You kill the gnoll!
You feel very sick. The gnoll closely misses you. The gnoll barely misses you.
The ogre hits you with a +0 giant spiked club!!
Ouch! That really hurt!
You die...
Your body disappears without a glow.

### # #...###########
#. # ##
#.............###. #
#. ........l.)Oh.....
# #.
#.####.####.###..####
###.#####.####s.## ..
#.....
#gg.<.....g)@O.h.##
.##...##
#g#.#####.####l#..##
.##..## .g. #.##..##
##.... #.#.
##.###..## ##.## #.#(
..........## #..# #
#. ....###....## ##.#
## ##### ##....## #.#
####..###.# ##.....#


You could see a black bear, an ogre, a scorpion, an iguana and a gnoll.

Vanquished Creatures
  A water moccasin (D:5)
  A black bear (D:6)
  An ice beast (D:5)
  5 ogres
  A scorpion (D:5)
  A wight (D:6)
  A howler monkey (D:6)
  A hound (D:5)
  4 orc priests
  3 jellies
  An iguana (D:5)
  A sleepcap (D:6)
  5 orc wizards
  6 gnolls
  2 adders
  A shadow imp (D:6)
  A white imp (D:6)
  3 worms
  A dart slug (D:1)
  16 orcs
  4 bats
  13 endoplasms
  9 giant cockroaches
  5 goblins
  9 hobgoblins
  2 jackals (D:1)
  14 kobolds
  2 quokkas (D:2)
  7 ball pythons
  7 frilled lizards
  11 rats
139 creatures vanquished.

Notes
Turn   | Place    | Note
-------+----------+-------------------------------------------
     0 | D:1      | porpoise the Demonspawn Gladiator began the quest for the
                  | Orb.
     0 | D:1      | Reached XP level 1. HP: 16/16 MP: 1/1
    52 | D:1      | Reached skill level 3 in Long Blades
    96 | D:1      | Gained mutation: A meltable shield of frost defends you.
                  | (SH +4) [demonic ancestry]
    96 | D:1      | Reached XP level 2. HP: 22/22 MP: 2/2
   427 | D:1      | Gained mutation: You are partially covered in icy blue
                  | scales. (AC +2) [demonic ancestry]
   427 | D:1      | Reached XP level 3. HP: 28/28 MP: 3/3
   812 | D:2      | Found a blossoming altar of Fedhas.
  1003 | D:2      | Noticed an ogre
  1015 | D:2      | Killed an ogre
  1016 | D:2      | Reached skill level 4 in Long Blades
  1016 | D:2      | Gained mutation: You are mostly covered in icy blue scales.
                  | (AC +3) [demonic ancestry]
  1016 | D:2      | Reached XP level 4. HP: 35/35 MP: 4/4
  1016 | D:2      | Reached XP level 5. HP: 41/41 MP: 5/5
  1515 | D:3      | Found an opulent altar of Gozag.
  1549 | D:3      | Found a glowing drain.
  1566 | Sewer    | Entered a sewer
  1712 | Sewer    | Found a viscous altar of Jiyva.
  1929 | Sewer    | Reached skill level 5 in Long Blades
  2010 | D:3      | Found Zin's Purification Station.
  2252 | D:3      | Found a radiant altar of Vehumet.
  2283 | D:3      | Gained mutation: You have a small tail. [demonic ancestry]
  2283 | D:3      | Reached XP level 6. HP: 48/48 MP: 6/6
  3257 | D:4      | Found a large runed translucent door.
  3261 | D:4      | Learned a level 2 spell: Wereblood
  3262 | D:4      | Found a large runed translucent door.
  3289 | D:4      | Found an iron altar of Okawaru.
  3394 | D:5      | Entered Level 5 of the Dungeon
  3520 | D:5      | Reached skill level 6 in Long Blades
  3558 | D:5      | Noticed a water moccasin
  3566 | D:5      | Killed a water moccasin
  3567 | D:5      | Gained mutation: You have a tail ending in a sharp stinger.
                  | [demonic ancestry]
  3567 | D:5      | Reached XP level 7. HP: 40/55 MP: 7/7
  3664 | D:5      | Reached skill level 5 in Fighting
  3937 | D:5      | Found a broken altar of Ashenzari.
  3941 | D:5      | Saw a vision of the Swamp and the Snake Pit.
  3941 | D:5      | Noticed a bunyip
  3941 | D:5      | Noticed a naga mage
  3941 | D:5      | Noticed a salamander
  3941 | D:5      | Noticed a goliath frog
  3942 | D:5      | Noticed a bog body
  3943 | D:5      | Noticed a naga warrior
  3943 | D:5      | Noticed an anaconda
  3944 | D:5      | Noticed a naga mage
  3993 | D:5      | Reached skill level 7 in Long Blades
  3993 | D:5      | Reached skill level 1 in Armour
  4225 | D:5      | Found a staircase to the Ecumenical Temple.
  4234 | Temple   | Entered the Ecumenical Temple
  4239 | Temple   | Became a worshipper of Nemelex Xobeh the Trickster
  4396 | D:5      | Reached skill level 1 in Invocations
  4453 | D:6      | Reached XP level 8. HP: 59/62 MP: 7/9
  4583 | D:6      | Found Puaful's Antique Weapon Boutique.
  4866 | D:6      | Reached skill level 8 in Long Blades
  5092 | D:6      | Slain by an ogre

Illustrated notes

Levels and vault maps discovered:
D:1:      lemuel_arrival_rhombus, layout_basic
D:2:      layout_loops_ring, basic_altar
D:3:      layout_rooms, zin_purify, marbit_many_paths, vehumet_crystals,
          cheibrodos_sewer_entry_sluice, bh_walls_and_bars
D:4:      nicolae_cairo_tiling_very_big, layout_cave_pools,
          jmf_multi_god_temple2
D:5:      layout_basic, grunt_ashenzari_visionary
          [grunt_ashenzari_visionary_swamp, grunt_ashenzari_visionary_snake],
          nicolae_overflow_crystal_walls, temple_green
D:6:      layout_loops_ring, serial_shops, shop, minmay_manual_mandibuliform
Temple:   nicolae_temple_bog_church

Skill      XL: |  1  2  3  4  5  6  7  8 |
---------------+-------------------------+-----
Long Blades    | 3 4 5 6 7 8 |  8.2
Fighting       | 3 4 5 |  5.0
Armour         | 2 3 |  3.0
Invocations    | 1 3 |  3.6
Throwing       | |  1.7
Dodging        | |  2.6

Action                     |  1- 3 |  4- 6 |  7- 9 || total
---------------------------+-------+-------+-------++-------
  Melee: Long sword        |    82 |    11 |    69 ||   162
         Punch             |     1 |       |     1 ||     2
         Dagger            |    20 |   224 |       ||   244
         Tailslap          |       |     9 |     8 ||    17
  Throw: Throwing net      |     2 |       |       ||     2
    Use: Scroll            |       |     6 |     3 ||     9
   Stab: Sleeping          |     2 |     1 |       ||     3
 Armour: Leather armour    |    44 |    93 |    51 ||   188
  Dodge: Dodged            |    49 |    89 |    44 ||   182
  Block: Other             |     9 |    31 |    16 ||    56

Table legend: (Time is in decaauts)
 A = Elapsed time spent in this place.
 B = Non-inter-level travel time spent in this place.
 C = Inter-level travel time spent in this place.
 D = Time resting spent in this place.
 E = Time spent auto-exploring this place.
 F = Levels seen in this place.
 G = Mean time per level.
                   A        B        C        D        E       F      G
               +--------+--------+--------+--------+--------+-----+--------+
         Total |   5150 |   4974 |    176 |   1007 |   2653 |   8 |  643.8 |
       Dungeon |   4696 |   4525 |    171 |    914 |   2542 |   6 |  782.7 |
        Temple |     10 |      5 |      5 |      0 |      0 |   1 |   10.0 |
         Sewer |    443 |    443 |      0 |     93 |    111 |   1 |  443.0 |
               +--------+--------+--------+--------+--------+-----+--------+

Top non-repeatable levels by time:
     D:5: 1051 daAuts
     D:2: 931 daAuts
     D:4: 831 daAuts
     D:6: 673 daAuts
     D:3: 611 daAuts
     D:1: 597 daAuts
   Sewer: 443 daAuts
  Temple: 10 daAuts
